BLB
MONTREAL EXPORTS @ MAINE GUIDES
09/12/2059
 
TOP OF THE 1ST
Montreal Exports batting - Pitching for Maine Guides : RHP Malik Smith
Pitching: RHP Malik Smith
Batting: RHB Landon Zitter 0-0: Ball
1-0: Ball
2-0: TRIPLE (Line Drive, 78XD, EV 102.5 MPH)
Batting: LHB Josh Plautz 0-0: Called Strike
0-1: DOUBLE (Flyball, 89D, EV 99.4 MPH)
Landon Zitter scores
Batting: RHB Henry Miller 0-0: Ball
1-0: Called Strike
1-1: Called Strike
1-2: Fly out, F7 (Flyball, 78D, EV 101.2 MPH)
Batting: RHB Eli Tracy 0-0: Swinging Strike
0-1: Swinging Strike
0-2: Foul Ball, location: 2F
0-2: Strikes out swinging
Batting: RHB Kyle Levin 0-0: Called Strike
0-1: Ground out 4-3 (Groundball, 4S, EV 66.9 MPH)
Top of the 1st over - 1 run, 2 hits, 0 errors, 1 left on base; Montreal 1 - Maine 0
BOTTOM OF THE 1ST
Maine Guides batting - Pitching for Montreal Exports : RHP Douglas Okeyo
Pitching: RHP Douglas Okeyo
Batting: RHB Jaret Foley 0-0: Ball
1-0: Ground out 6-3 (Groundball, 6M, EV 101.9 MPH)
Batting: RHB Sean Brown 0-0: Ball
1-0: Ball
2-0: Ball
3-0: Foul Ball, location: 2F
3-1: Foul Ball, location: 2F
3-2: Foul Ball, location: 2F
3-2: Foul Ball, location: 2F
3-2: Foul Ball, location: 2F
3-2: Strikes out swinging
Batting: RHB Nathan Bennett 0-0: Foul Ball, location: 2F
0-1: Foul Ball, location: 2F
0-2: Ball
1-2: Ball
2-2: Ball
3-2: Base on Balls
Batting: RHB Brad Pendolino 0-0: Foul Ball, location: 2F
0-1: Foul Ball, location: 2F
0-2: Ball
1-2: DOUBLE (Line Drive, 89D, EV 109.4 MPH)
Nathan Bennett to third
Runner from 3rd tries for Home, SAFE, throw by RF to trailing runner, SAFE at third!
Batting: RHB Jarrett Vazquez 0-0: Fly out, F7 (Flyball, 7LM, EV 91.2 MPH)
Bottom of the 1st over - 1 run, 1 hit, 0 errors, 1 left on base; Montreal 1 - Maine 1
TOP OF THE 2ND
Montreal Exports batting - Pitching for Maine Guides : RHP Malik Smith
Batting: RHB Al Bush 0-0: Ball
1-0: Ball
2-0: Called Strike
2-1: Ground out 4-3 (Groundball, 4, EV 98.1 MPH)
Batting: RHB Asher Miles 0-0: Ball
1-0: Called Strike
1-1: Ball
2-1: Ground out 5-3 (Groundball, 5L, EV 95.6 MPH)
Batting: RHB Max Johnson 0-0: Ball
1-0: Ball
2-0: Called Strike
2-1: SINGLE (Line Drive, 4MD, EV 98.8 MPH)
Batting: RHB Jared Lewis 0-0: Ball
Max Johnson is caught stealing 2nd base 2-4
Top of the 2nd over - 0 runs, 1 hit, 0 errors, 0 left on base; Montreal 1 - Maine 1
BOTTOM OF THE 2ND
Maine Guides batting - Pitching for Montreal Exports : RHP Douglas Okeyo
Batting: SHB Desmond Moynihan 0-0: Called Strike
0-1: SINGLE (Flyball, 8LS, EV 85.0 MPH)
Batting: RHB Walt Dutro 0-0: Ball
1-0: Called Strike
1-1: SINGLE (Groundball, 56D, EV 99.4 MPH)
Desmond Moynihan to second
Batting: RHB Chase Hagarty 0-0: Called Strike
0-1: Called Strike
0-2: Strikes out looking
Batting: RHB Benjamin Keating 0-0: Ball
1-0: Foul Ball, location: 2F
1-1: Grounds into double play, 6-4-3 (Groundball, 56, EV 76.2 MPH)
Bottom of the 2nd over - 0 runs, 2 hits, 0 errors, 1 left on base; Montreal 1 - Maine 1
TOP OF THE 3RD
Montreal Exports batting - Pitching for Maine Guides : RHP Malik Smith
Batting: RHB Jared Lewis 0-0: Ball
1-0: Ball
2-0: Called Strike
2-1: Fly out, F9 (Line Drive, 9, EV 105.6 MPH)
Batting: RHB Landon Zitter 0-0: Called Strike
0-1: Ball
1-1: Ball
2-1: Called Strike
2-2: Strikes out swinging
Batting: LHB Josh Plautz 0-0: Fly out, F9 (Flyball, 89S, EV 83.1 MPH)
Top of the 3rd over - 0 runs, 0 hits, 0 errors, 0 left on base; Montreal 1 - Maine 1
BOTTOM OF THE 3RD
Maine Guides batting - Pitching for Montreal Exports : RHP Douglas Okeyo
Batting: RHB Jaret Foley 0-0: Ball
1-0: Ball
2-0: Called Strike
2-1: Foul Ball, location: 2F
2-2: Ball
3-2: Strikes out swinging
Batting: RHB Sean Brown 0-0: Called Strike
0-1: Ball
1-1: SINGLE (Line Drive, 56D, EV 110.0 MPH)
Batting: RHB Nathan Bennett 0-0: Swinging Strike
0-1: Fly out, F7 (Flyball, 7LSF, EV 88.1 MPH)
Batting: RHB Brad Pendolino 0-0: Ball
1-0: Ball
2-0: Swinging Strike
2-1: Swinging Strike
2-2: Strikes out swinging
Bottom of the 3rd over - 0 runs, 1 hit, 0 errors, 1 left on base; Montreal 1 - Maine 1
TOP OF THE 4TH
Montreal Exports batting - Pitching for Maine Guides : RHP Malik Smith
Batting: RHB Henry Miller 0-0: Ball
1-0: Ground out 6-3 (Groundball, 6, EV 101.2 MPH)
Batting: RHB Eli Tracy 0-0: Called Strike
0-1: Foul Ball, location: 2F
0-2: Foul Ball, location: 2F
0-2: Ball
1-2: Ball
2-2: Ground out 6-3 (Groundball, 6, EV 76.9 MPH)
Batting: RHB Kyle Levin 0-0: Called Strike
0-1: Ball
1-1: Ball
2-1: SOLO HOME RUN (Flyball, 7D, EV 93.1 MPH), Distance : 357 ft
Batting: RHB Al Bush 0-0: Swinging Strike
0-1: Called Strike
0-2: Ground out 6-3 (Groundball, 6, EV 85.6 MPH)
Top of the 4th over - 1 run, 1 hit, 0 errors, 0 left on base; Montreal 2 - Maine 1
BOTTOM OF THE 4TH
Maine Guides batting - Pitching for Montreal Exports : RHP Douglas Okeyo
Batting: RHB Jarrett Vazquez 0-0: Ball
1-0: Ball
2-0: SINGLE (Flyball, 89S, EV 96.2 MPH)
Batting: SHB Desmond Moynihan 0-0: Ball
1-0: Foul Ball, location: 2F
1-1: Ball
2-1: SINGLE (Line Drive, 6M, EV 97.5 MPH)
Jarrett Vazquez to second
Batting: RHB Walt Dutro 0-0: Fly out, F6 (Popup, 6, EV 53.1 MPH)
Batting: RHB Chase Hagarty 0-0: Ball
1-0: Foul Ball, location: 2F
1-1: Foul Ball, location: 2F
1-2: Ball
2-2: Fielders Choice at 2nd, 1-6 (Groundball, 34S, EV 66.9 MPH)
Jarrett Vazquez to third
Batting: RHB Benjamin Keating 0-0: Fly out, F9 (Line Drive, 89M, EV 89.4 MPH)
Bottom of the 4th over - 0 runs, 2 hits, 0 errors, 2 left on base; Montreal 2 - Maine 1
TOP OF THE 5TH
Montreal Exports batting - Pitching for Maine Guides : RHP Malik Smith
Batting: RHB Asher Miles 0-0: Foul Ball, location: 2F
0-1: Swinging Strike
0-2: Ball
1-2: Strikes out swinging
Batting: RHB Max Johnson 0-0: Called Strike
0-1: Ground out 4-3 (Groundball, 4, EV 85.0 MPH)
Batting: RHB Jared Lewis 0-0: Ball
1-0: Called Strike
1-1: Foul Ball, location: 2F
1-2: Strikes out swinging
Top of the 5th over - 0 runs, 0 hits, 0 errors, 0 left on base; Montreal 2 - Maine 1
BOTTOM OF THE 5TH
Maine Guides batting - Pitching for Montreal Exports : RHP Douglas Okeyo
Batting: RHB Jaret Foley 0-0: Swinging Strike
0-1: Foul Ball, location: 2F
0-2: Fly out, F7 (Line Drive, 78M, EV 84.4 MPH)
Batting: RHB Sean Brown 0-0: Called Strike
0-1: Ball
1-1: Foul Ball, location: 2F
1-2: Ball
2-2: Strikes out swinging
Batting: RHB Nathan Bennett 0-0: Called Strike
0-1: Fly out, F8 (Flyball, 8RD, EV 86.9 MPH)
Bottom of the 5th over - 0 runs, 0 hits, 0 errors, 0 left on base; Montreal 2 - Maine 1
TOP OF THE 6TH
Montreal Exports batting - Pitching for Maine Guides : RHP Malik Smith
Pitching: RHP Erik Hinkle
Batting: RHB Landon Zitter 0-0: Fly out, F7 (Flyball, 78S, EV 87.5 MPH)
Batting: LHB Josh Plautz 0-0: Ball
1-0: Ball
2-0: Foul Ball, location: 2F
2-1: Ground out 3-1 (Groundball, 13, EV 83.1 MPH)
Batting: RHB Henry Miller 0-0: Foul Ball, location: 2F
0-1: Swinging Strike
0-2: Ball
1-2: Ball
2-2: Ball
3-2: Foul Ball, location: 2F
3-2: Foul Ball, location: 2F
3-2: Base on Balls
Batting: RHB Eli Tracy 0-0: Called Strike
0-1: SINGLE (Groundball, 4MD, EV 98.8 MPH)
Henry Miller to second
Runner from 2nd tries for 3rd, SAFE, throw by CF made to third
Batting: RHB Kyle Levin 0-0: Foul Ball, location: 2F
0-1: Fielders Choice at 2nd, 6-4 (Groundball, 6MD, EV 89.4 MPH)
Top of the 6th over - 0 runs, 1 hit, 0 errors, 2 left on base; Montreal 2 - Maine 1
BOTTOM OF THE 6TH
Maine Guides batting - Pitching for Montreal Exports : RHP Douglas Okeyo
Batting: RHB Brad Pendolino 0-0: Called Strike
0-1: Ball
1-1: Ball
2-1: Ball
3-1: Called Strike
3-2: Base on Balls
Batting: RHB Jarrett Vazquez 0-0: Ball
1-0: Foul Ball, location: 2F
1-1: Called Strike
1-2: Ball
2-2: Foul Ball, location: 2F
2-2: Fly out, F7 (Flyball, 7S, EV 82.5 MPH)
Batting: SHB Desmond Moynihan 0-0: Ball
1-0: Swinging Strike
Brad Pendolino steals 2nd base
1-1: Swinging Strike
1-2: SINGLE (Groundball, 4M, EV 98.1 MPH) (infield hit)
Brad Pendolino to third
Batting: RHB Walt Dutro 0-0: Called Strike
0-1: Ball
1-1: Fielders Choice at 2nd, 6-4 (Groundball, 6, EV 94.4 MPH)
Brad Pendolino scores
Batting: RHB Chase Hagarty 0-0: Foul Ball, location: 2F
0-1: Foul Ball, location: 2F
0-2: Foul Ball, location: 2F
0-2: Ball
Walt Dutro steals 2nd base
1-2: Ball
2-2: SINGLE (Line Drive, 4M, EV 97.5 MPH)
Walt Dutro to third
Batting: RHB Benjamin Keating 0-0: SINGLE (Flyball, 9LS, EV 100.0 MPH)
Walt Dutro scores
Chase Hagarty to second
Runner from 2nd tries for 3rd, SAFE, throw by RF made to third
Pitching: RHP L.J. Reed
Batting: RHB Jaret Foley 0-0: Ground out 5-3 (Groundball, 5S, EV 65.6 MPH)
Bottom of the 6th over - 2 runs, 3 hits, 0 errors, 2 left on base; Montreal 2 - Maine 3
TOP OF THE 7TH
Montreal Exports batting - Pitching for Maine Guides : RHP Erik Hinkle
Batting: RHB Al Bush 0-0: Ball
1-0: Called Strike
1-1: Called Strike
1-2: DOUBLE (Flyball, 78XD, EV 101.9 MPH)
Batting: RHB Asher Miles 0-0: Called Strike
0-1: Swinging Strike
0-2: Strikes out swinging
Batting: RHB Max Johnson 0-0: Foul Ball, location: 2F
0-1: Ball
1-1: Ball
2-1: Called Strike
2-2: Ball
3-2: Foul Ball, location: 2F
3-2: Foul Ball, location: 2F
3-2: Base on Balls
Batting: RHB Jared Lewis 0-0: Ball
1-0: Called Strike
1-1: Swinging Strike
1-2: Ball
2-2: Foul Ball, location: 2F
2-2: Strikes out swinging
Pitching: LHP Devon DeGasperis
Batting: RHB Landon Zitter 0-0: Swinging Strike
0-1: Ball
1-1: Called Strike
1-2: Ball
2-2: Strikes out swinging
Top of the 7th over - 0 runs, 1 hit, 0 errors, 2 left on base; Montreal 2 - Maine 3
BOTTOM OF THE 7TH
Maine Guides batting - Pitching for Montreal Exports : RHP L.J. Reed
Batting: RHB Sean Brown 0-0: Called Strike
0-1: Ball
1-1: Foul Ball, location: 2F
1-2: Strikes out looking
Batting: RHB Nathan Bennett 0-0: Fly out, F8 (Line Drive, 8RD, EV 96.9 MPH)
Batting: RHB Brad Pendolino 0-0: SOLO HOME RUN (Flyball, 9D, EV 97.5 MPH), Distance : 398 ft
Batting: RHB Jarrett Vazquez 0-0: Ball
1-0: Ball
2-0: Ball
3-0: Called Strike
3-1: Called Strike
3-2: Ground out 5-3 (Groundball, 56, EV 90.0 MPH)
Bottom of the 7th over - 1 run, 1 hit, 0 errors, 0 left on base; Montreal 2 - Maine 4
TOP OF THE 8TH
Montreal Exports batting - Pitching for Maine Guides : LHP Devon DeGasperis
Batting: LHB Josh Plautz 0-0: Foul Ball, location: 2F
0-1: Foul Ball, location: 2F
0-2: Foul Ball, location: 2F
0-2: Strikes out swinging
Batting: RHB Henry Miller 0-0: Called Strike
0-1: Fly out, F9 (Flyball, 89M, EV 77.5 MPH)
Batting: RHB Eli Tracy 0-0: Swinging Strike
0-1: Ball
1-1: Called Strike
1-2: Fly out, F8 (Flyball, 8RXD, EV 86.9 MPH)
Top of the 8th over - 0 runs, 0 hits, 0 errors, 0 left on base; Montreal 2 - Maine 4
BOTTOM OF THE 8TH
Maine Guides batting - Pitching for Montreal Exports : RHP L.J. Reed
Batting: SHB Desmond Moynihan 0-0: Ball
1-0: Called Strike
1-1: Foul Ball, location: 2F
1-2: Fly out, F9 (Flyball, 89M, EV 95.6 MPH)
Batting: RHB Walt Dutro 0-0: Called Strike
0-1: Fly out, F8 (Line Drive, 89D, EV 90.0 MPH)
Batting: RHB Chase Hagarty 0-0: Swinging Strike
0-1: Fly out, F7 (Flyball, 78M, EV 85.0 MPH)
Bottom of the 8th over - 0 runs, 0 hits, 0 errors, 0 left on base; Montreal 2 - Maine 4
TOP OF THE 9TH
Montreal Exports batting - Pitching for Maine Guides : LHP Devon DeGasperis
Pitching: RHP Parker Terry
Now in LF: Damian Counts
Batting: RHB Kyle Levin 0-0: Ball
1-0: Foul Ball, location: 2F
1-1: Ground out 6-3 (Groundball, 6, EV 88.1 MPH)
Pinch Hitting: LHB Justin Wyatt 0-0: Swinging Strike
0-1: Ball
1-1: Foul Ball, location: 2F
1-2: Ball
2-2: Ball
3-2: Base on Balls
Batting: RHB Asher Miles 0-0: Ball
1-0: Swinging Strike
1-1: Ball
2-1: Foul Ball, location: 2F
2-2: Strikes out looking
Batting: RHB Max Johnson 0-0: Ball
1-0: Swinging Strike
1-1: Ground out 5-3 (Groundball, 56S, EV 91.9 MPH)
Top of the 9th over - 0 runs, 0 hits, 0 errors, 1 left on base; Montreal 2 - Maine 4
Sunday, March 31st , 2024 - OOTP Baseball 23.10 Build 110